 Dungeon Crawl Stone Soup version 0.30-a0-557-ge2afbf3030 (webtiles) character file.

Game seed: 3271593825829404825

55 bmack86 the Covered (level 3, -4/33 HPs)
             Began as a Minotaur Fighter on Dec 28, 2022.
             Slain by an orc
             ... wielding a +0 mace
              (6 damage)
             ... on level 2 of the Dungeon.
             The game lasted 00:03:54 (787 turns).

bmack86 the Covered (Minotaur Fighter)               Turns: 787, Time: 00:03:54

Health: -4/33      AC:  7    Str: 22    XL:     3   Next: 67%
Magic:  2/2        EV:  9    Int:  5    God:
Gold:   53         SH:  4    Dex:  9    Spells: 2/2 levels left

rFire   . . .      SeeInvis .    a - +0 war axe
rCold   . . .      Faith    .    c - +0 buckler
rNeg    . . .      Spirit   .    b - +0 scale mail
rPois   .          Reflect  .    (helmet restricted)
rElec   .          Harm     .    (no cloak)
rCorr   .          Rampage  .    (no gloves)
Will    .....                    (no boots) Stlth
                                 (no amulet)
HPRegen 0.25/turn                (no ring)
MPRegen 0.08/turn                (no ring)

@: no status effects
A: horns 2, retaliatory headbutt
a: no special abilities


You were on level 2 of the Dungeon.
You visited 1 branch of the dungeon, and saw 2 of its levels.

You collected 53 gold pieces.

Inventory:

Hand Weapons
 a - a +0 war axe (weapon)
Armour
 b - a +0 scale mail (worn)
 c - a +0 buckler (worn)
Potions
 d - 2 potions of might
 e - a potion of cancellation
 h - a potion of heal wounds {unknown}
 i - a potion of magic {unknown}


   Skills:
 + Level 4.1 Fighting
 * Level 3.6 Axes
 + Level 4.1 Armour
 + Level 4.1 Shields


You had 2 spell levels left.
You didn't know any spells.
Your spell library was empty.

Dungeon Overview and Level Annotations

Branches:
Dungeon (2/15)

Altars:

Annotations:
D:2 Natasha


Innate Abilities, Weirdness & Mutations

You have a pair of horns on your head.
You reflexively headbutt those who attack you in melee.


Message History

a +0 club; a +0 leather armour; an orc corpse
There is a stone staircase leading down here.
You start resting.
HP restored.
You climb downwards.
An orc comes into view. It is wielding a +0 hand axe.
The orc barely misses you. You block the orc's attack.
An orc comes into view.
It is wielding a +0 short sword of distortion.
There is a stone staircase leading up here.
The orc barely misses you.
You closely miss the orc.
The orc shouts!
You hear a shout!
You block the orc's attack.
You hit the orc but do no damage. The orc hits you but does no damage.
The orc hits you with a +0 short sword.
You closely miss the orc. The orc hits you but does no damage.
You slash the orc!
You kill the orc!
An orc comes into view. It is wielding a +0 mace.
Natasha opens the door.
You closely miss the orc.
Natasha hisses angrily.
The orc hits you but does no damage. x2; Space warps horribly around you!
The orc hits you with a +0 hand axe.
You slash the orc!
You kill the orc!
You hit the orc. You block the orc's attack. You block Natasha's attack.
The orc hits you with a +0 short sword of distortion.
Space warps around you.
There is a stone staircase leading up here.
You see here a +0 hand axe.
A ball python comes into view.
Natasha claws you but does no damage.
The orc hits you with a +0 short sword of distortion.
* * * LOW HITPOINT WARNING * * *
Space warps around you.
* * * LOW HITPOINT WARNING * * *
The orc hits you with a +0 mace.
You die...

##+## ##...##
##[....#####
##......).S.
#.........###
+.........'..
#.)..)....#
#.<@o....#
##oh...#......
##...## ###.#
##'## .# .# .#
..


You could see Natasha, 2 orcs and a ball python.

Vanquished Creatures
  Natasha (D:2)
  3 orcs
  5 ball pythons
  A bat (D:1)
  An endoplasm (D:1)
  4 goblins (D:1)
  2 hobgoblins (D:1)
  A quokka (D:1)
  3 frilled lizards (D:1)
  3 kobolds
  A rat (D:1)
25 creatures vanquished.

Vanquished Creatures (others)
  2 fungi (D:1)
  A plant (D:1)
3 creatures vanquished.

Grand Total: 28 creatures vanquished

Notes
Turn   | Place    | Note
-------+----------+-------------------------------------------
     0 | D:1      | bmack86 the Minotaur Fighter began the quest for the Orb.
     0 | D:1      | Reached XP level 1. HP: 19/19 MP: 0/0
     2 | D:1      | Noticed a troll
     2 | D:1      | Noticed a vampire
     4 | D:1      | Noticed a tengu
     4 | D:1      | Noticed an elf
     6 | D:1      | Noticed a vine stalker
     6 | D:1      | Noticed a spriggan
     8 | D:1      | Noticed a minotaur
     8 | D:1      | Noticed a human
    10 | D:1      | Noticed a draconian
    12 | D:1      | Noticed an ogre
    14 | D:1      | Noticed a demonspawn
    14 | D:1      | Noticed a formicid
    16 | D:1      | Noticed a demigod
    16 | D:1      | Noticed an armataur
    18 | D:1      | Noticed a felid
    18 | D:1      | Noticed an octopode
    20 | D:1      | Noticed a merfolk
    20 | D:1      | Noticed a ghoul
    22 | D:1      | Noticed a meteoran
    24 | D:1      | Noticed a gargoyle
    24 | D:1      | Noticed a draconian
    26 | D:1      | Noticed a felid
   179 | D:1      | Reached XP level 2. HP: 27/27 MP: 1/1
   628 | D:1      | Found a faded altar of an unknown god.
   728 | D:2      | Noticed Natasha
   734 | D:2      | Killed Natasha
   735 | D:2      | Reached XP level 3. HP: 24/33 MP: 2/2
   784 | D:2      | Noticed Natasha
   787 | D:2      | Slain by an orc

Illustrated notes

Levels and vault maps discovered:
D:1:      kb_arrival_jail, layout_basic, dreamdust_ecumenical_altar_grove
D:2:      layout_loops_corners, uniq_sigmund, uniq_natasha

Skill      XL: |  1  2 |
---------------+-------+-----
Axes           | 3 |  3.6
Fighting       | 4 |  4.1
Armour         | 4 |  4.1
Shields        | 4 |  4.1

Action                   || total
-------------------------++-------
Melee: War axe           ||    54
       Headbutt          ||     5
  Use: Scroll            ||     3
Armor: Scale mail        ||    32
Dodge: Dodged            ||    29
Block: Buckler           ||    12

Table legend: (Time is in decaauts)
 A = Elapsed time spent in this place.
 B = Non-inter-level travel time spent in this place.
 C = Inter-level travel time spent in this place.
 D = Time resting spent in this place.
 E = Time spent auto-exploring this place.
 F = Levels seen in this place.
 G = Mean time per level.
                   A        B        C        D        E       F      G
               +--------+--------+--------+--------+--------+-----+--------+
         Total |    808 |    784 |     24 |     25 |    526 |   2 |  404.0 |
       Dungeon |    808 |    784 |     24 |     25 |    526 |   2 |  404.0 |
               +--------+--------+--------+--------+--------+-----+--------+

Top non-repeatable levels by time:
     D:1: 777 daAuts
     D:2: 31 daAuts
